 Dungeon Crawl Stone Soup version 0.29.1-1-gd02db6906a (webtiles) character file.

Game seed: 2698293346495091704

85 Homeless the Poker (level 4, 0/28 HPs)
             Began as a Gargoyle Berserker on Oct 20, 2022.
             Was a Believer of Trog.
             Killed by divine providence
             ... invoked by an orc priest
              (10 damage)
             ... on level 3 of the Dungeon.
             The game lasted 00:04:47 (4033 turns).

Homeless the Poker (Gargoyle Berserker)             Turns: 4033, Time: 00:04:47

Health: 0/28       AC:  5    Str: 20 (22) XL:     4   Next: 48%
Magic:  4/4        EV: 11    Int:  7 (8)  God:    Trog [**....]
Gold:   41         SH:  0    Dex:  6 (9)  Spells: 3/3 levels left

rFire   + + .      SeeInvis .   a - +0 spear
rCold   + . .      Faith    .   (no shield)
rNeg    + . .      Spirit   .   b - +0 animal skin
rPois   ∞          Reflect  .   (helmet restricted)
rElec   +          Harm     .   (no cloak)
rCorr   .          Rampage  .   (no gloves)
Will    .....                   (no boots)
Stlth   +.........              (no amulet)
HPRegen 0.89/turn               c - ring of fire
MPRegen 0.09/turn               d - ring of protection from cold

@: no status effects
A: sickness immunity, AC +3, negative energy resistance 1, electricity
resistance, torment resistance 1, petrification resistance, horns 1, cold
resistance 1, fire resistance 1, regeneration 1
a: Renounce Religion, Berserk, Trog's Hand


You were on level 3 of the Dungeon.
You worshipped Trog.
Trog was pleased with you.
You visited 1 branch of the dungeon, and saw 3 of its levels.

You collected 41 gold pieces.

Inventory:

Hand Weapons
 a - a +0 spear (weapon)
Armour
 b - a +0 animal skin (worn)
Jewellery
 c - a ring of fire (left hand)
 d - a ring of protection from cold (right hand)


   Skills:
 - Level 3.2 Fighting
 * Level 4.7 Polearms
 - Level 2.1 Armour
 - Level 1.5 Dodging


You had 3 spell levels left.
You didn't know any spells.
Your spell library was empty.

Dungeon Overview and Level Annotations

Branches:
Dungeon (3/15)

Altars:


Innate Abilities, Weirdness & Mutations

You are immune to sickness and miasma.
Your stone body is resilient. (AC +3)
You are immune to poison.
You resist negative energy. (rN+)
You are resistant to electric shocks. (rElec)
You are resistant to unholy torment.
You are immune to petrification.
You have a pair of small horns on your head.
Your flesh is cold resistant. (rC+)
Your flesh is heat resistant. (rF+)
Your natural rate of healing is unusually fast.


Message History

The orc wizard is moderately wounded.
You hit the orc.
The orc is almost dead.
The frilled lizard closely misses you.
You hit the frilled lizard.
You kill the frilled lizard!
Trog accepts your kill. The orc barely misses you.
You hit the orc.
You kill the orc!
Trog accepts your kill.
You hit the orc priest but do no damage.
You closely miss the orc priest.
The orc priest hits you but does no damage.
You barely miss the orc priest.
The orc priest miscasts a cantrip.
The orc priest hits you but does no damage.
You hit the orc priest but do no damage.
You headbutt the orc priest, but do no damage.
You punch the orc priest.
The orc priest is moderately wounded.
The orc priest hits you with a +0 club.
* * * LOW HITPOINT WARNING * * *
You hit the orc priest. You headbutt the orc priest!
The orc priest is almost dead.
The orc priest looks encouraged for a moment.
The orc priest barely misses you.
You barely miss the orc priest.
The orc priest is almost dead.
The orc priest barely misses you.
You barely miss the orc priest.
The orc priest is almost dead.
The orc priest hits you with a +0 club.
You aren't carrying any potions.
You aren't carrying any scrolls.
You hit the orc priest.
The orc priest is almost dead.
The orc priest mumbles some strange prayers to Beogh against you.
Beogh smites you!
You die...

#. ... ...#
#... ###..#
#.g. ####†#
##oo@.#
#ow####.#. #.##
##... ##†# ....
##oo# #...#
#..## ..#.#
###.####.##.###
#..o#..........
#.##...........


You could see 2 orc priests, an orc wizard, a dart slug and a goblin.

Vanquished Creatures
  2 adders (D:2)
  A worm (D:2)
  An orc (D:3)
  3 ball pythons
  4 bats
  5 endoplasms
  A giant cockroach (D:1)
  6 goblins
  3 hobgoblins
  10 jackals (D:1)
  5 quokkas
  A frilled lizard (D:3)
  6 kobolds
  6 rats
54 creatures vanquished.

Notes
Turn   | Place    | Note
-------+----------+-------------------------------------------
     0 | D:1      | Homeless the Gargoyle Berserker began the quest for the
                  | Orb.
     0 | D:1      | Reached XP level 1. HP: 14/14 MP: 1/1
   293 | D:1      | Reached skill level 3 in Polearms
   404 | D:1      | Reached XP level 2. HP: 17/19 MP: 2/2
  1050 | D:1      | Gained mutation: Your flesh is cold resistant. (rC+)
                  | [potion of mutation]
  1050 | D:1      | Gained mutation: You have a pair of small horns on your
                  | head. [potion of mutation]
  1050 | D:1      | Gained mutation: You have hidden genetic potential. [potion
                  | of mutation]
  1052 | D:1      | Found a faded altar of an unknown god.
  1165 | D:1      | Reached XP level 3. HP: 23/23 MP: 3/3
  1532 | D:1      | Reached ** piety under Trog
  2065 | D:2      | Reached skill level 4 in Polearms
  2075 | D:2      | Gained mutation: Your natural rate of healing is unusually
                  | fast. [hidden potential]
  2227 | D:2      | Reached XP level 4. HP: 28/28 MP: 4/4
  3211 | D:2      | Gained mutation: Your flesh is heat resistant. (rF+)
                  | [hidden potential]
  3211 | D:2      | Lost mutation: You have hidden genetic potential. [hidden
                  | potential expressed]
  4033 | D:3      | Killed from afar by an orc priest

Illustrated notes

Levels and vault maps discovered:
D:1:      elethiomel_arrival_maze, layout_loops_ring,
          ebering_ecumenical_altar_webs, chequers_serial_rivers_micro_a
D:2:      minmay_evil_eye, layout_basic
D:3:      layout_rooms, cheibrodos_ashenzari_chains, led_sif_pool,
          kennysheep_generic_room_5

Skill      XL: |  1  2  3 |
---------------+----------+-----
Polearms       | 3 4 |  4.7
Fighting       | |  3.2
Armour         | |  2.1
Dodging        | |  1.5

Action                   |  1- 3 |  4- 6 || total
-------------------------+-------+-------++-------
Melee: Spear             |   149 |    42 ||   191
       Headbutt          |     7 |    10 ||    17
       Punch             |     2 |     1 ||     3
  Use: Potion            |     2 |     1 ||     3
       Scroll            |     2 |     1 ||     3
 Stab: Sleeping          |     1 |     1 ||     2
Armor: Animal skin       |    37 |    10 ||    47
       Skin              |     2 |       ||     2
Dodge: Dodged            |    75 |    15 ||    90
